 Dungeon Crawl Stone Soup version 0.31-a0-1025-g2e47921a08 (webtiles) character file.

Game seed: 10335133827064239334

6 kae the Vexing (level 1, -1/13 HPs)
             Began as a Demonspawn Enchanter on Nov 17, 2023.
             Slain by a jackal (2 damage)
             ... on level 1 of the Dungeon.
             The game lasted 00:00:06 (98 turns).

kae the Vexing (Demonspawn Enchanter)                 Turns: 98, Time: 00:00:07

Health: -1/13      AC:  2    Str:  8    XL:     1   Next: 75%
Magic:  3/3        EV: 12    Int: 16    God:
Gold:   6          SH:  0    Dex: 13    Spells: 4/4 levels left

rFire   . . .        a - +1 dagger
rCold   . . .        (no shield)
rNeg    . . .        b - +0 robe
rPois   .            (no helmet)
rElec   .            (no cloak)
rCorr   .            (no gloves)
SInv    .            (no boots)
Will    .....        (no amulet)
Stlth   ++           (no ring)
HPRegen 0.22/turn    (no ring)
MPRegen 0.08/turn

%: no passive effects
@: no status effects
A: no striking features
a: no special abilities


You were on level 1 of the Dungeon.
You visited 1 branch of the dungeon, and saw 1 of its levels.

You collected 6 gold pieces.


   Skills:
 * Level 1.2 Short Blades
 - Level 1.7 Dodging
 + Level 2.8 Stealth
 + Level 2.1 Spellcasting
 + Level 3.0 Hexes


You had 4 spell levels left.
You didn't know any spells.
Your spell library contained the following spells:

 Spells                   Type           Power      Damage    Failure   Level
 Ensorcelled Hibernation  Hex/Ice        12%        N/A       17%         2
 Confusing Touch          Hex            11%        N/A       17%         3
 Tukima's Dance           Hex            11%        N/A       17%         3
 Dazzling Flash           Conj/Hex       12%        N/A       32%         3

Inventory:

Hand Weapons
 a - a +1 dagger (weapon)
Missiles
 d - 7 stones
Armour
 b - a +0 robe (worn)
Jewellery
 C - a ring of protection from cold
   (You found it on level 1 of the Dungeon)
Potions
 c - 2 potions of invisibility

Dungeon Overview and Level Annotations

Branches:
Dungeon (1/15) Zot: 5901

Altars:

.. #.#. K. ...#
.##..# ....#####
#†.......
#g.####### ######.
#..##....# .......
##..#...K##.....$.
#......rh@.....!.
###.######.......
#.......# ######.
#.......#
#.......#
#...†...#
#.......###
##......... ###
#.#######.


You could see a quokka, a jackal and a kobold.


Message History

The jackal barks!
You hit the jackal but do no damage.
You hear a shout!
The jackal misses you.
A kobold comes into view. It is wielding a +0 short sword.
You hit the jackal.
The jackal bites you but does no damage.
A kobold comes into view. It is wielding a +0 short sword.
The jackal misses you.
There are monsters nearby!
You hit the jackal but do no damage. The jackal barely misses you.
A quokka comes into view.
The jackal bites you but does no damage.
You hit the jackal.
You kill the jackal!
The jackal bites you. The jackal barely misses you. 😕 HP[-2]
You take 2 damage, and now have 11/13 hp.
Unknown command.
The jackal barely misses you. The jackal bites you. 😕 HP[-1]
You take 1 damage, and now have 10/13 hp.
A hobgoblin comes into view.
The jackal closely misses you. 😕 HP[+1]
The jackal attacks as it pursues you! The jackal completely misses you.
The jackal attacks as it pursues you!
The jackal bites you but does no damage. x2
The jackal closely misses you. The jackal attacks as it pursues you!
The jackal closely misses you. The jackal attacks as it pursues you!
The jackal bites you but does no damage. x2 😕 HP[+1]
The jackal attacks as it pursues you! The jackal completely misses you.
The jackal attacks as it pursues you! The jackal closely misses you.
The jackal barely misses you.
You closely miss the jackal. The jackal closely misses you.
You hit the jackal. The jackal bites you. 😕 HP[-1]
You take 1 damage, and now have 11/13 hp.
You barely miss the jackal. The jackal bites you.
The jackal misses you. 😕 HP[-1]
You take 1 damage, and now have 10/13 hp.
You hit the jackal but do no damage. The jackal closely misses you.
You hit the jackal but do no damage. The jackal closely misses you.
You hit the jackal. The jackal bites you. The jackal misses you. 😮 HP[-1]
You take 1 damage, and now have 9/13 hp.
You barely miss the jackal. The jackal bites you.
* * * LOW HITPOINT WARNING * * *
You barely miss the jackal. The jackal closely misses you. 😮 HP[-2]
You take 2 damage, and now have 7/13 hp.
You closely miss the jackal. The jackal closely misses you.
The jackal bites you.
* * * LOW HITPOINT WARNING * * *
You closely miss the jackal. The jackal barely misses you. 😨 HP[-2]
You take 2 damage, and now have 5/13 hp.
You hit the jackal.
You kill the jackal!
You hit the jackal. The jackal closely misses you. x2
You completely miss the jackal. The jackal misses you. 😨 HP[+1]
You hit the jackal. The jackal closely misses you.
You closely miss the jackal. The jackal barely misses you.
The quokka twitches its whiskers.
The jackal misses you.
You closely miss the jackal. The jackal closely misses you.
You hit the jackal.
You kill the jackal! 😮 HP[+1]
You barely miss the kobold. The kobold barely misses you.
You hit the kobold.
You kill the kobold!
The jackal bites you.
* * * LOW HITPOINT WARNING * * *
You closely miss the jackal. The jackal bites you.
* * * LOW HITPOINT WARNING * * *
You hit the jackal. The jackal barely misses you.
You barely miss the jackal.
The jackal bites you but does no damage.
The jackal closely misses you.
You hit the jackal but do no damage.
The jackal bites you but does no damage. 😨 HP[-2]
You take 2 damage, and now have 5/13 hp.
You barely miss the jackal. The jackal barely misses you.
The jackal bites you but does no damage.
You completely miss the jackal. The jackal bites you.
* * * LOW HITPOINT WARNING * * *
You closely miss the jackal.
The jackal bites you but does no damage.
You barely miss the jackal. The jackal bites you.
* * * LOW HITPOINT WARNING * * *
The jackal closely misses you.
You hit the jackal. The jackal bites you.
* * * LOW HITPOINT WARNING * * *
You completely miss the jackal. The jackal bites you.
You die...

Skill      XL: |  1 |
---------------+----+-----
Short Blades   | 1 |  1.2
Dodging        | |  1.7
Stealth        | |  2.8
Spellcasting   | |  2.1
Hexes          | |  3.0

Action                     || total
---------------------------++-------
  Melee: Dagger            ||    34
   Stab: Sleeping          ||     1
 Armour: Robe              ||    24
  Dodge: Dodged            ||    32

Levels and vault maps discovered:
D:1:      eino_arrival_water_star, layout_basic

Notes
Turn   | Place    | Note
-------+----------+-------------------------------------------
     0 | D:1      | kae the Demonspawn Enchanter began the quest for the Orb.
     0 | D:1      | Reached XP level 1. HP: 13/13 MP: 3/3
     0 | D:1      | magus.rc [v1.11.3]
    46 | D:1      | Reached skill level 1 in Short Blades
    97 | D:1      | HP: 1/13 [jackal (3)]
    98 | D:1      | Slain by a jackal

Vanquished Creatures
  A bat (D:1)
  3 jackals (D:1)
  A kobold (D:1)
5 creatures vanquished.

Table legend:
 A = Non-vault XP
 B = Vault XP
 C = Vault XP percentage of total XP
 D = Non-vault monster count
 E = Vault monster count
 F = Vault count percentage of total count
                 A         B        C        D         E       F
            +---------+---------+-------+---------+---------+-------
      Total |       9 |       0 |   0.0 |       5 |       0 |   0.0
            +---------+---------+-------+---------+---------+-------
        D:1 |       9 |       0 |   0.0 |       5 |       0 |   0.0
            +---------+---------+-------+---------+---------+-------

Skill      XL: |  1 |
---------------+----+-----
Short Blades   | 1 |  1.2
Dodging        | |  1.7
Stealth        | |  2.8
Spellcasting   | |  2.1
Hexes          | |  3.0

Action                     || total
---------------------------++-------
  Melee: Dagger            ||    34
   Stab: Sleeping          ||     1
 Armour: Robe              ||    24
  Dodge: Dodged            ||    32

Illustrated notes

Table legend:
 A = Kills in this place as a percentage of kills in the entire game.
 B = Kills by you in this place as a percentage of kills by you in the entire game.
 C = Kills by friends in this place as a percentage of kills by friends in the entire game.
 D = Other kills in this place as a percentage of other kills in the entire game.
 E = Experience gained in this place as a percentage of experience gained in the entire game.
 F = Experience gained in this place divided by the number of levels of this place that you have seen.
                   A       B       C       D       E      F
               +-------+-------+-------+-------+-------+----------------------
         Total | 100.0 | 100.0 |   N/A |   N/A | 100.0 |   9.0
       Dungeon | 100.0 | 100.0 |   N/A |   N/A | 100.0 |   9.0
               +-------+-------+-------+-------+-------+----------------------

Table legend: (Time is in decaauts)
 A = Elapsed time spent in this place.
 B = Non-inter-level travel time spent in this place.
 C = Inter-level travel time spent in this place.
 D = Time resting spent in this place.
 E = Time spent auto-exploring this place.
 F = Levels seen in this place.
 G = Mean time per level.
                   A        B        C        D        E       F      G
               +--------+--------+--------+--------+--------+-----+--------+
         Total |     97 |     97 |      0 |      0 |     43 |   1 |   97.0 |
       Dungeon |     97 |     97 |      0 |      0 |     43 |   1 |   97.0 |
               +--------+--------+--------+--------+--------+-----+--------+

Top non-repeatable levels by time:
     D:1: 97 daAuts
